Map: Orbital Shipyard

Players

IlIIlIlIlIIl

  • Race: Terran Terran
  • League: Grandmaster

Mukiwaa - Winner!

  • Race: Terran Terran
  • League: Grandmaster

VOD

Have the link to the VOD?

Description

Time

  • Played on: June 12, 2015, 5:30 p.m.
  • Length: 3:44
Show
View Real Time Build Order
Export as new Build Order

IlIIlIlIlIIl Terran 

Build Orders:  

Get SALT Encoding   

  12  0:01  SCV  
  13  0:18  SCV  
  14  0:28  Supply Depot  
  14  0:30  SCV  
  15  1:02  Barracks  
  15  1:03  SCV  
  16  1:10  Refinery  
  16  1:22  SCV  
  17  1:35  SCV  
  18  1:48  Command Center  
  18  1:54  Orbital Command  
  18  1:56  Refinery  
  18  2:19  Supply Depot  
  18  2:21  SCV  
  19  2:31  Command Center  
  19  2:46  Supply Depot  
  19  2:52  Marine  
  20  3:00  Orbital Command  
  20  3:05  SCV  
  22  3:26  SCV  
  23  3:30  SCV  
Show
View Real Time Build Order
Export as new Build Order

Mukiwaa Terran - Winner!

Build Orders:  

Get SALT Encoding   

  12  0:01  SCV  
  13  0:13  SCV  
  14  0:18  Supply Depot  
  14  0:25  SCV  
  15  0:40  SCV  
  16  0:44  Barracks  
  16  0:52  SCV  
  17  1:04  SCV  
  18  1:16  SCV  
  19  1:28  SCV  
  19  1:31  Supply Depot, Marine  
  21  1:42  Command Center, Orbital Command  
  21  1:49  Refinery, Marine  
  22  2:03  Refinery  
  22  2:07  Marine  
  23  2:11  Barracks  
  23  2:14  SCV  
  24  2:24  Barracks  
  24  2:25  Marine  
  24  2:26  SCV  
  26  2:37  Supply Depot  
  26  2:39  SCV  
  28  2:46  Barracks Reactor  
  28  2:51  SCV  
  28  2:56  Orbital Command  
  28  2:58  Marine  
  29  3:03  SCV  
  30  3:11  Marine  
  31  3:17  Marine  
  31  3:19  SCV  
  33  3:24  SCV  
  34  3:30  Factory  
  34  3:31  SCV  
  35  3:36  Barracks Tech Lab  
  35  3:37  Barracks Reactor  
Tags
 
Add a new tag
Caveats
  • Supply blocks, unpowered buildings, or Contaminate may cause inaccurate times.
  • Supply counts are checked every 10 seconds.